Map: Ruins of Seras

Players

Javert - Winner!

  • Race: Zerg Zerg
  • League: Grandmaster

caseeker

  • Race: Terran Terran
  • League: Grandmaster

VOD

Have the link to the VOD?

Description

Time

  • Played on: June 29, 2015, 11:28 p.m.
  • Length: 18:56
Show
View Real Time Build Order
Export as new Build Order

Javert Zerg - Winner!

Build Orders: Hatch First 

Get SALT Encoding   

  12  0:02  Drone  
  13  0:12  Overlord  
  13  0:18  Drone  
  14  0:31  Drone x2  
  16  0:51  Hatchery  
  16  0:52  Drone  
  16  0:58  Drone, Extractor  
  16  1:04  Drone  
  17  1:13  Drone  
  18  1:27  Drone  
  18  1:30  Spawning Pool  
  18  1:33  Drone  
  19  1:47  Drone  
  20  1:56  Drone  
  21  2:05  Overlord x2  
  21  2:17  Metabolic Boost  
  21  2:18  Queen  
  21  2:19  Queen  
  25  2:24  Zergling x4  
  25  2:26  Zergling x2  
  28  2:30  Zergling x2  
  29  2:47  Zergling x8  
  33  3:06  Drone x3  
  35  3:25  Overlord  
  34  3:32  Hatchery  
  31  3:38  Drone x5  
  36  3:44  Drone x2  
  36  3:45  Drone x3  
  41  3:51  Overlord  
  41  3:55  Extractor  
  40  4:11  Overlord  
  39  4:18  Drone x4  
  39  4:19  Drone x5  
  48  4:32  Evolution Chamber  
  48  4:34  Evolution Chamber  
  48  4:38  Drone x3  
  49  4:40  Extractor x2  
  49  4:41  Queen  
  49  4:43  Overlord x2  
  46  4:48  Overlord  
  46  4:51  Roach Warren  
  45  4:57  Drone x3  
  45  4:58  Drone x2  
  50  5:07  Baneling Nest  
  50  5:09  Zerg Ground Armor Level 1  
  50  5:17  Zerg Missile Weapons Level 1  
  50  5:30  Drone x12  
  62  5:38  Zergling x8  
  62  6:06  Zergling x2  
  62  6:07  Zergling x8  
  64  6:14  Overlord  
  64  6:18  Extractor x2  
  56  6:23  Drone x4  
  55  6:29  Drone x2  
  55  6:30  Drone x3  
  54  6:38  Drone x2  
  56  6:45  Spine Crawler  
  56  6:46  Drone x2  
  57  6:48  Lair  
  57  6:53  Drone x2  
  57  6:54  Drone x4  
  62  7:07  Drone x3  
  64  7:11  Spore Crawler  
  64  7:13  Spine Crawler  
  62  7:17  Roach x3  
  70  7:23  Roach  
  70  7:27  Roach  
  70  7:28  Roach  
  74  7:33  Drone  
  74  7:34  Drone x4  
  79  7:38  Queen  
  79  7:40  Roach  
  79  7:41  Hatchery, Roach x4  
  79  7:44  Overlord  
  90  7:53  Overlord  
  90  8:03  Roach x4  
  90  8:05  Overlord x2  
  98  8:06  Zerg Ground Armor Level 2, Zerg Missile Weapons Level 2  
  98  8:22  Hatchery, Burrow, Extractor  
  98  8:25  Extractor  
  95  8:40  Roach  
  95  8:41  Roach x11  
  117  8:54  Hydralisk Den  
  110  8:58  Spire  
  110  9:02  Roach x7  
  121  9:03  Roach x2  
  121  9:09  Overlord  
  115  9:11  Lurker Den  
  115  9:15  Roach x2  
  115  9:16  Roach x2  
  117  9:28  Overlord x2  
  117  9:29  Drone x2  
  117  9:30  Drone  
  115  9:38  Overlord  
  115  9:39  Overlord  
  115  9:41  Tunneling Claws  
  115  9:43  Drone x2  
  93  10:07  Roach x11  
  93  10:13  Overlord x2  
  103  10:24  Infestation Pit  
  102  10:31  Drone x2  
  102  10:32  Drone x11  
  101  10:57  Hydralisk x9  
  101  11:03  Drone x4  
  101  11:04  Drone x2  
  125  11:14  Muscular Augments  
  125  11:20  Overlord x2  
  117  11:33  Roach  
  117  11:34  Roach x11  
  137  11:42  Drone x4  
  137  11:43  Zerg Flyer Weapons Level 1  
  141  11:56  Hive  
  141  12:01  Roach x12  
  147  12:05  Glial Reconstitution  
  165  12:09  Overlord x2  
  165  12:19  Overlord  
  153  12:33  Overlord  
  153  12:36  Overlord x2  
  117  12:58  Overlord  
  117  13:00  Pneumatized Carapace  
  117  13:03  Hydralisk  
  117  13:04  Hydralisk x11  
  141  13:07  Overseer  
  141  13:08  Overseer x2  
  141  13:15  Ultralisk Cavern  
  141  13:19  Queen  
  142  13:22  Hydralisk x9  
  142  13:23  Hydralisk x2  
  164  13:37  Spore Crawler x2  
  160  13:41  Overlord  
  152  13:50  Mutalisk  
  152  13:51  Mutalisk x12  
  162  13:57  Overseer x2  
  162  14:07  Mutalisk x6  
  174  14:35  Mutalisk x12  
  174  14:36  Mutalisk  
  200  14:41  Overlord x2  
  196  14:57  Viper x2  
  171  15:49  Mutalisk x13  
  197  16:08  Roach  
  195  16:21  Roach x8  
  158  16:48  Drone x11  
  158  16:49  Drone  
  156  16:56  Ultralisk  
  142  17:12  Ultralisk x7  
  127  18:11  Hydralisk x2  
  127  18:22  Hatchery  
  120  18:31  Spine Crawler  
  113  18:39  Drone x8  
Show
View Real Time Build Order
Export as new Build Order

caseeker Terran 

Build Orders: Mech 

Get SALT Encoding   

  12  0:00  SCV  
  13  0:12  SCV  
  14  0:18  Supply Depot  
  14  0:25  SCV  
  15  0:39  SCV  
  15  0:41  Barracks  
  16  0:51  SCV  
  17  1:03  SCV  
  18  1:16  Command Center  
  19  1:18  SCV  
  19  1:28  Marine  
  19  1:31  Orbital Command  
  20  1:39  Supply Depot  
  20  1:44  Refinery  
  20  1:47  Marine  
  21  1:56  SCV  
  22  2:04  Refinery  
  22  2:05  Marine  
  22  2:08  SCV  
  24  2:20  SCV  
  25  2:23  Marine  
  25  2:28  Orbital Command  
  26  2:32  SCV  
  27  2:40  Marine  
  27  2:43  Factory  
  28  2:44  SCV  
  29  2:55  SCV  
  29  2:56  SCV  
  31  3:00  Marine  
  32  3:06  Factory  
  32  3:07  SCV  
  33  3:12  SCV  
  33  3:19  Bunker, Marine  
  34  3:20  Supply Depot  
  34  3:22  SCV  
  34  3:26  Supply Depot  
  34  3:27  Factory Tech Lab  
  35  3:33  SCV  
  35  3:37  SCV  
  35  3:40  Refinery  
  36  3:43  Starport  
  36  3:45  SCV  
  36  3:46  Siege Tank, Marine  
  40  3:50  SCV  
  40  3:53  Factory Reactor  
  41  3:57  SCV  
  41  3:59  Supply Depot  
  41  4:02  SCV  
  42  4:04  Marine  
  40  4:12  SCV  
  40  4:19  SCV  
  40  4:21  Marine  
  40  4:24  SCV, Supply Depot  
  43  4:31  SCV  
  43  4:36  SCV  
  45  4:43  SCV, Siege Tank  
  45  4:44  Hellion x2  
  53  4:48  SCV  
  53  4:49  Medivac  
  53  4:50  Marine  
  57  4:55  SCV  
  57  4:58  Supply Depot  
  58  5:00  SCV  
  59  5:07  SCV  
  59  5:09  Command Center  
  59  5:10  Hellion  
  59  5:12  SCV, Hellion  
  65  5:20  SCV  
  66  5:21  Siege Tank  
  66  5:24  SCV  
  66  5:26  Supply Depot  
  70  5:30  Supply Depot, Starport Tech Lab  
  70  5:31  Hellion  
  70  5:32  SCV  
  70  5:33  Hellion  
  75  5:36  Armory  
  75  5:41  Liberator  
  75  5:50  SCV  
  74  5:57  SCV  
  74  6:02  SCV  
  74  6:03  Refinery  
  73  6:09  SCV  
  72  6:15  Refinery  
  72  6:17  SCV  
  73  6:19  Siege Tank  
  73  6:21  SCV  
  73  6:22  Hellion x2  
  73  6:24  Factory  
  79  6:29  SCV  
  79  6:32  Terran Vehicle Weapons Level 1  
  80  6:33  SCV  
  80  6:36  Command Center  
  75  6:42  SCV  
  76  6:50  Supply Depot x2  
  76  6:53  SCV  
  76  6:54  SCV, Hellbat  
  80  6:58  Command Center  
  80  7:00  Engineering Bay  
  80  7:05  SCV  
  80  7:06  SCV  
  83  7:13  Orbital Command  
  81  7:22  Liberator  
  81  7:23  Factory Tech Lab  
  81  7:24  Siege Tank, Hellbat x2  
  81  7:27  SCV  
  81  7:29  Factory  
  89  7:33  SCV  
  90  7:37  Armory  
  90  7:39  SCV  
  90  7:41  SCV  
  94  7:45  SCV, Hellbat x2  
  94  7:47  Refinery  
  94  7:48  Missile Turret  
  99  7:51  Missile Turret  
  99  7:52  Missile Turret  
  99  7:54  Missile Turret  
  99  7:56  Missile Turret x2  
  99  7:58  SCV x2, Missile Turret  
  101  8:04  Orbital Command  
  101  8:06  SCV  
  101  8:10  SCV  
  103  8:13  Unknown  
  103  8:15  Starport  
  103  8:16  Starport  
  103  8:17  Factory Reactor  
  103  8:18  Hellbat x2  
  107  8:24  SCV x2  
  107  8:25  Liberator  
  107  8:26  Terran Vehicle Armor Level 1  
  109  8:28  Supply Depot  
  107  8:34  SCV  
  107  8:40  Planetary Fortress  
  103  8:42  SCV  
  103  8:44  Siege Tank  
  103  8:48  SCV  
  106  8:50  SCV  
  106  8:52  Terran Vehicle Weapons Level 2  
  104  8:56  Starport Reactor  
  104  8:59  Refinery  
  104  9:02  Refinery  
  90  9:13  SCV x2  
  90  9:14  Orbital Command  
  90  9:16  Missile Turret  
  92  9:17  SCV, Sensor Tower, Missile Turret x2  
  91  9:25  SCV x2  
  91  9:29  SCV  
  91  9:30  Siege Tank  
  99  9:31  Hellbat  
  99  9:32  Hellbat x2  
  99  9:35  Starport Tech Lab  
  99  9:37  SCV  
  104  9:41  SCV  
  104  9:43  SCV  
  104  9:45  Liberator x2  
  106  9:50  Factory  
  106  9:51  Factory  
  108  9:53  Hellbat  
  106  10:00  SCV x2, Building Armor  
  106  10:03  Banshee  
  106  10:04  SCV x2  
  117  10:12  SCV  
  117  10:13  Hellbat x2  
  108  10:21  Supply Depot  
  108  10:22  Supply Depot  
  108  10:24  Supply Depot  
  105  10:30  SCV x2  
  105  10:31  Siege Tank  
  105  10:32  Orbital Command  
  105  10:35  Siege Tank, Hellbat x2  
  108  10:36  Banshee  
  111  10:49  SCV  
  109  10:52  Medivac, Hellbat x2  
  109  10:53  Medivac  
  109  10:54  Banshee  
  109  10:56  SCV  
  117  10:59  SCV x2  
  117  11:01  Liberator  
  117  11:03  Siege Tank  
  122  11:05  Liberator  
  122  11:07  SCV  
  122  11:09  SCV  
  124  11:15  Hellbat x2  
  124  11:16  Hellbat  
  130  11:21  Siege Tank  
  137  11:26  SCV  
  137  11:35  Siege Tank  
  138  11:42  Command Center  
  138  11:46  Command Center  
  138  11:53  Hellbat x3  
  138  11:54  Hellbat  
  146  12:01  Terran Vehicle Weapons Level 3, Liberator  
  146  12:02  Terran Ship Weapons Level 1, Liberator  
  146  12:03  Thor  
  158  12:18  Banshee  
  158  12:21  Hellbat x2  
  158  12:22  Banshee  
  158  12:43  SCV  
  156  12:50  Cloaking Field  
  155  12:54  SCV x2  
  155  12:56  Liberator x2  
  155  13:05  Banshee  
  156  13:08  Hellbat x2  
  156  13:10  Siege Tank x2, Hellbat  
  156  13:11  Banshee  
  175  13:38  Planetary Fortress, Missile Turret  
  173  13:46  Siege Tank x2  
  173  13:47  Banshee, Hellbat x4  
  180  14:01  Factory x2  
  180  14:03  Factory  
  180  14:08  Hellbat  
  180  14:09  Hi-Sec Auto Tracking, Hellbat  
  184  14:16  SCV  
  183  14:18  Siege Tank  
  186  14:30  Siege Tank  
  189  14:40  Hellbat x3  
  195  14:50  Siege Tank  
  198  15:12  SCV  
  199  15:15  Command Center  
  195  15:34  Hellbat x2  
  195  15:35  Factory Tech Lab x2, Viking  
  199  15:36  Factory Reactor  
  199  15:38  Terran Ship Weapons Level 2, Terran Vehicle Armor Level 2  
  179  15:48  Liberator  
  154  15:50  Thor x2  
  154  15:54  Hellion x2  
  141  15:58  Missile Turret  
  141  16:01  Missile Turret  
  122  16:05  Thor x2  
  122  16:10  Refinery  
  136  16:13  Widow Mine x2  
  131  16:22  Command Center, Missile Turret  
  116  16:33  Thor  
  116  16:36  Command Center  
  120  16:48  Thor  
  120  16:52  SCV x2  
  115  16:54  Thor  
  98  17:04  Marine  
  98  17:05  Viking  
  98  17:06  Viking x3  
  92  17:15  Thor  
  92  17:22  Marine  
  96  17:26  Widow Mine x2  
  98  17:30  Missile Turret  
  98  17:31  SCV x2  
  98  17:32  Missile Turret  
  98  17:34  Missile Turret  
  98  17:36  SCV  
  98  17:37  SCV, Thor  
  102  17:42  SCV  
  102  17:43  SCV  
  103  17:46  SCV, Orbital Command  
  103  17:47  Liberator  
  104  17:55  SCV x3  
  104  17:56  Factory Tech Lab  
  103  17:58  Thor  
  103  18:03  SCV  
  112  18:08  SCV  
  112  18:10  Refinery  
  114  18:12  SCV  
  114  18:24  SCV  
  93  18:38  Missile Turret  
Tags
 
Add a new tag
Caveats
  • Supply blocks, unpowered buildings, or Contaminate may cause inaccurate times.
  • Supply counts are checked every 10 seconds.